 Dungeon Crawl Stone Soup version 0.30.1-3-gfc49f6343a (webtiles) character file.

Game seed: 10363253193795804477

20 Pepete the Trooper (level 2, 0/26 HPs)
             Began as a Draconian Cinder Acolyte on July 27, 2023.
             Was a High Priest of Ignis.
             Slain by a gnoll
             ... wielding a +0 spear
              (4 damage)
             ... on level 2 of the Dungeon.
             The game lasted 00:01:23 (958 turns).

Pepete the Trooper (Draconian Cinder Acolyte)        Turns: 958, Time: 00:01:23

Health: 0/26       AC:  8    Str: 16    XL:     2   Next: 58%
Magic:  4/4        EV: 11    Int: 14    God:    Ignis [*****.]
Gold:   0          SH:  0    Dex:  6    Spells: 3/3 levels left

rFire   + . .        a - -1 hand axe (flame)
rCold   . . .        (no shield)
rNeg    . . .        (body armour unavailable)
rPois   .            (helmet restricted)
rElec   .            (no cloak)
rCorr   .            (no gloves)
SInv    .            (no boots)
Will    .....        (no amulet)
Stlth   +            e - +4 ring of protection
HPRegen 0.24/turn    (no ring)
MPRegen 0.09/turn

%: no passive effects
@: brilliant
A: AC +4, unfitting armour, cold-blooded
a: Renounce Religion, Fiery Armour, Foxfire Swarm, Rising Flame


You were on level 2 of the Dungeon.
You worshipped Ignis.
Ignis was extremely pleased with you.
You visited 1 branch of the dungeon, and saw 2 of its levels.

Inventory:

Hand Weapons
 a - a -1 hand axe of flaming (weapon)
Jewellery
 e - a +4 ring of protection (left hand)
Scrolls
 b - a scroll of amnesia {unknown}
 c - a scroll of magic mapping {unknown}
 d - a scroll of teleportation {unknown}
 g - a scroll of fear {unknown}
 h - a scroll of identify {unknown}


   Skills:
 * Level 3.5 Fighting
 * Level 3.2 Axes
 * Level 1.4 Spellcasting
 * Level 3.2 Fire Magic


You had 3 spell levels left.
You didn't know any spells.
Your spell library contained the following spells:

 Spells                   Type           Power      Damage    Failure   Level
 Scorch                   Fire           30%        2d6       10%         2


Dungeon Overview and Level Annotations

Branches:
Dungeon (2/15)

Altars:


Innate Abilities, Weirdness & Mutations

Your plain brown scales are hard. (AC +4)
You cannot fit into any form of body armour.
You are cold-blooded and may be slowed by cold attacks.


Message History

You kill the rat!
You see here a rat corpse.
An endoplasm comes into view.
An endoplasm is nearby!
An endoplasm is nearby!
The endoplasm quivers.
An endoplasm is nearby!
An endoplasm is nearby!
You hit the endoplasm. You burn the endoplasm.
The endoplasm is almost dead.
The endoplasm misses you.
An endoplasm is nearby!
You hit the endoplasm. You burn the endoplasm.
You kill the endoplasm!
Found a runed leather armour.
No target in view! 2 gnolls come into view.
The gnoll shouts!
A gnoll comes into view. It is wielding a +0 spear.
There are monsters nearby!
Found a stone staircase leading down.
The gnoll shouts!
The gnoll hits you with a +0 flail.
There are monsters nearby!
You closely miss the gnoll.
The gnoll hits you from afar with a +0 spear!
The gnoll hits you with a +0 flail.
There are monsters nearby!
You closely miss the gnoll.
The gnoll hits you from afar with a +0 spear.
The gnoll hits you with a +0 flail!
* * * LOW HITPOINT WARNING * * *
There are monsters nearby!
You are too injured to fight recklessly!
There are monsters nearby!
You are too injured to fight recklessly!
It was a potion of brilliance.
You feel clever all of a sudden.
The gnoll hits you from afar with a +0 spear.
You die...

#.# ##.......#
#.#########........#
####.#.........#..#####
####......#########.##
#......#### ##.#
##...#..### #..#
#..[###...### ##.##
#..# ###...# #..# #..
###@# #.## #. #g# #.# #


.gg #.# ..... #.# ##>....##.# #.....#..# ...######.####### #............... ###
.########†........ You could see 3 gnolls.

Vanquished Creatures
  4 endoplasms
  2 hobgoblins (D:1)
  8 ball pythons
  A bat (D:1)
  6 rats
21 creatures vanquished.

Notes
Turn   | Place    | Note
-------+----------+-------------------------------------------
     0 | D:1      | Pepete the Draconian Cinder Acolyte began the quest for the
                  | Orb.
     0 | D:1      | Reached XP level 1. HP: 19/19 MP: 2/2
   448 | D:1      | Reached XP level 2. HP: 26/26 MP: 3/3
   958 | D:2      | Slain by a gnoll

Illustrated notes

Levels and vault maps discovered:
D:1:      onia_arrival_mini_maze, layout_rooms
D:2:      layout_rooms, serial_shops, nicolae_shop_waterfront,
          shapermc_ecumenical_altar_ellora, kennysheep_crisscross

Action                     || total
---------------------------++-------
  Melee: Hand axe          ||    50
         Tailslap          ||     2
    Use: Potion            ||     1
 Armour: Skin              ||    14
  Dodge: Dodged            ||    41
